 Dungeon Crawl Stone Soup version 0.28.0-43-g3370ac3207 (webtiles) character file.

Game seed: 4351779385313763469

37 Peloso the Covered (level 3, -2/33 HPs)
             Began as a Minotaur Fighter on Mar 20, 2022.
             Slain by a gnoll
             ... wielding a +0 club
              (3 damage)
             ... on level 1 of the Dungeon.
             The game lasted 00:01:30 (999 turns).

Peloso the Covered (Minotaur Fighter)                Turns: 999, Time: 00:01:31

Health: -2/33      AC:  7    Str: 20    XL:     3   Next: 23%
Magic:  2/2        EV:  9    Int:  5    God:
Gold:   56         SH:  4    Dex: 11    Spells: 2/2 levels left

rFire   . . .      SeeInvis .   a - +0 long sword
rCold   . . .      Faith    .   c - +0 buckler
rNeg    . . .      Spirit   .   b - +0 scale mail
rPois   .          Reflect  .   (helmet restricted)
rElec   .          Harm     .   (no cloak)
rCorr   .          Rampage  .   (no gloves)
Will    .....                   (no boots)
Stlth   ..........              (no amulet)
HPRegen 0.11/turn               (no ring)
MPRegen 0.08/turn               (no ring)

@: no status effects
A: horns 2, retaliatory headbutt
a: no special abilities


You were on level 1 of the Dungeon.
You visited 1 branch of the dungeon, and saw 2 of its levels.

You collected 56 gold pieces.

Inventory:

Hand Weapons
 a - a +0 long sword (weapon)
Armour
 b - a +0 scale mail (worn)
 c - a +0 buckler (worn)
Jewellery
 f - a ring of poison resistance
Potions
 d - a potion of might
 e - a potion of brilliance {unknown}
 g - a potion of flight {unknown}


   Skills:
 + Level 4.1 Fighting
 + Level 2.5 Long Blades
 + Level 4.4 Armour
 + Level 0.3 Dodging
 + Level 4.0 Shields


You had 2 spell levels left.
You didn't know any spells.
Your spell library contained the following spells:

 Spells                   Type           Power      Damage    Failure   Level
 Dazzling Flash           Conj/Hex       0%         N/A       99%         3
 Iskenderun's Mystic Bla  Conj/Tloc      0%         2d3       100%        4
 Starburst                Conj/Fire      0%         6d3       100%        6


Dungeon Overview and Level Annotations

Branches:
Dungeon (2/15)

Altars:

Shops:
D:1 =


Innate Abilities, Weirdness & Mutations

You have a pair of horns on your head.
You reflexively headbutt those who attack you in melee.


Message History

Unknown command.
You block the gnoll's attack. The goblin hits you with a +0 club.
A worm comes into view.
You block the goblin's attack.
The goblin shoots a stone.
The stone hits you but does no damage.
There is a stone staircase leading up here.
You slash the goblin!
You kill the goblin!
The gnoll hits you from afar with a +0 spear.
You block the gnoll's attack. You block the gnoll's attack.
You climb upwards.
There is a stone staircase leading down here.
You start resting.
HP restored.
You climb downwards.
The gnoll barely misses you. The gnoll hits you with a +0 flail.
You block the gnoll's attack.
There is a stone staircase leading up here.
The gnoll barely misses you. You block the gnoll's attack.
The gnoll hits you with a +0 club.
You climb upwards.
There is a stone staircase leading down here.
Unknown command.
You closely miss the gnoll. The gnoll hits you but does no damage.
The gnoll hits you with a +0 flail! The gnoll hits you with a +0 club.
You hit the gnoll but do no damage. The gnoll barely misses you.
The gnoll closely misses you. The gnoll hits you but does no damage.
The gnoll hits you with a +0 whip.
* * * LOW HITPOINT WARNING * * *
You block the gnoll's attack.
You hit the gnoll but do no damage. The gnoll hits you with a +0 club.
* * * LOW HITPOINT WARNING * * *
The gnoll closely misses you. You furiously retaliate!
You headbutt the gnoll. You block the gnoll's attack. x2
You hit the gnoll but do no damage. Your headbutt misses the gnoll.
The gnoll hits you with a +0 whip.
* * * LOW HITPOINT WARNING * * *
You block the gnoll's attack. The gnoll hits you with a +0 club.
You die...

### #.. #.# #######
###.# #.....# #...#
#.....#########†#.#
##g.g............#.#
#..@g.....########..
#.#######.# ##.
#......##.# #.
#..###.##.###### #.
#..# #.##......# ##
#..###.##......#
#......##......#
#.#######......# #
#.....)........# #


You could see 3 gnolls.

Vanquished Creatures
  2 bats (D:1)
  3 endoplasms
  A giant cockroach (D:2)
  5 goblins
  3 hobgoblins (D:1)
  6 jackals (D:1)
  A kobold (D:2)
  A quokka (D:1)
  4 ball pythons (D:1)
  3 frilled lizards
  3 rats
32 creatures vanquished.

Notes
Turn   | Place    | Note
-------+----------+-------------------------------------------
     0 | D:1      | Peloso the Minotaur Fighter began the quest for the Orb.
     0 | D:1      | Reached XP level 1. HP: 19/19 MP: 0/0
    41 | D:1      | Reached XP level 2. HP: 13/27 MP: 1/1
   551 | D:1      | Found Myownesk's Jewellery Boutique.
   644 | D:1      | Reached XP level 3. HP: 31/33 MP: 2/2
   999 | D:1      | HP: 1/33 [gnoll/+0 whip (2)]
   999 | D:1      | Slain by a gnoll

Illustrated notes

Levels and vault maps discovered:
D:1:      eino_arrival_water_cross, layout_loops_cross, serial_shops,
          nicolae_shop_temple_entry_statues_fountains
D:2:      layout_basic, hellmonk_ecumenical_altar_heavens_door, uniq_terence

Skill      XL: |  1  2  3 |
---------------+----------+-----
Armour         | 4 |  4.4
Fighting       | 4 |  4.1
Shields        | 4 |  4.0
Long Blades    | |  2.5
Dodging        | |  0.3

Action                   || total
-------------------------++-------
Melee: Long sword        ||    72
       Headbutt          ||    10
Armor: Scale mail        ||    64
Dodge: Dodged            ||    39
Block: Buckler           ||    31
